 Dungeon Crawl Stone Soup version 0.31-a0-175-g9f7f995f2b (webtiles) character file.

Game seed: 5100242200709672604

11 innerfire43 the Trooper (level 2, 0/24 HPs)
             Began as a Demonspawn Monk on June 17, 2023.
             Frozen to death by an endoplasm (2 damage)
             ... on level 1 of the Dungeon.
             The game lasted 00:00:40 (258 turns).

innerfire43 the Trooper (Demonspawn Monk)            Turns: 258, Time: 00:00:40

Health: 0/24       AC:  2    Str: 11    XL:     2   Next: 13%
Magic:  2/2        EV: 13    Int: 11    God:
Gold:   0          SH:  0    Dex: 15    Spells: 1/1 levels left

rFire   . . .        i - +0 trident
rCold   . . .        d - orb {light}
rNeg    . . .        b - +0 robe
rPois   .            (no helmet)
rElec   .            (no cloak)
rCorr   .            (no gloves)
SInv    .            (no boots)
Will    .....        (no amulet)
Stlth   +            (no ring)
HPRegen 0.24/turn    (no ring)
MPRegen 0.08/turn

%: no passive effects
@: glowing
A: demonic magic 1
a: no special abilities


You were on level 1 of the Dungeon.
You visited 1 branch of the dungeon, and saw 1 of its levels.

Inventory:

Hand Weapons
 a - a +0 spear
 i - a +0 trident (weapon)
Armour
 b - a +0 robe (worn)
 d - an orb of light (worn)
Scrolls
 g - a scroll of vulnerability {unknown}
Potions
 c - a potion of ambrosia
 e - a potion of lignification {unknown}
 f - a potion of berserk rage {unknown}
 h - a potion of resistance {unknown}
 j - 2 potions of haste {unknown}


   Skills:
 + Level 3.1 Fighting
 * Level 3.0 Polearms
 + Level 2.8 Dodging


You had one spell level left.
You didn't know any spells.
Your spell library was empty.

Dungeon Overview and Level Annotations

Branches:
Dungeon (1/15)

Altars:


Innate Abilities, Weirdness & Mutations

Spells you cast may paralyse adjacent enemies.


Message History

There is an open door here.
You open the door.
An endoplasm, a frilled lizard and a goblin come into view.
The goblin is wielding a +0 dagger of electrocution.
Found a scale mail.
The endoplasm quivers.
The frilled lizard hisses angrily.
The goblin shouts!
You hear a shout!
There are monsters nearby!
Found a lumpy pink potion.
There is an open door here.
You reach to attack!
You hit the frilled lizard.
You kill the frilled lizard!
Found 16 gold pieces.
You hit the endoplasm.
The endoplasm is almost dead.
The goblin hits you with a +0 dagger of electrocution.
You are electrocuted!
Ouch! That really hurt!
* * * LOW HITPOINT WARNING * * *
The endoplasm hits you.
* * * LOW HITPOINT WARNING * * *
You are too injured to fight recklessly!
You are too injured to fight recklessly!
You are too injured to fight recklessly!
You hit the goblin.
The goblin is severely wounded.
The goblin closely misses you. The endoplasm freezes you.
You are frozen.
* * * LOW HITPOINT WARNING * * *
You closely miss the goblin.
The goblin is severely wounded.
The goblin barely misses you.
The endoplasm jiggles.
The endoplasm closely misses you.
You hit the goblin.
You kill the goblin!
The endoplasm freezes you.
You are frozen.
You die...

###....####
####....# .# ####'##
###.# ##...## .#.[#
#.....## ...#
#.#...#.####...####
#.8.8.8.8.##........
#...........#.J....#
+.....[.....'@)....#
#...........#......#
##.8.8.8.8.##!....##
##.#...#.###.....#
##.....## $.$....#
##...# .!.....# ##+#
.......# ##.....##


You could see an endoplasm.

Vanquished Creatures
  3 endoplasms (D:1)
  A goblin (D:1)
  2 hobgoblins (D:1)
  A quokka (D:1)
  A bat (D:1)
  2 frilled lizards (D:1)
  A rat (D:1)
11 creatures vanquished.

Notes
Turn   | Place    | Note
-------+----------+-------------------------------------------
     0 | D:1      | innerfire43 the Demonspawn Monk began the quest for the
                  | Orb.
     0 | D:1      | Reached XP level 1. HP: 18/18 MP: 1/1
   211 | D:1      | Gained mutation: Spells you cast may paralyse adjacent
                  | enemies. [demonic ancestry]
   211 | D:1      | Reached XP level 2. HP: 16/24 MP: 2/2
   256 | D:1      | HP: 1/24 [frozen (4)]
   258 | D:1      | Frozen to death by an endoplasm

Illustrated notes

Levels and vault maps discovered:
D:1:      onia_arrival_mini_spirals, layout_rooms, st_stairs_4,
          chequers_serial_rivers_large_a, minmay_misc_feat_rows,
          dk_noncrumbling_3

Skill      XL: |  1 |
---------------+----+-----
Polearms       | 3 |  3.0
Fighting       | |  3.1
Dodging        | |  2.8

Action                     || total
---------------------------++-------
  Melee: Spear             ||    21
         Trident           ||    12
 Armour: Robe              ||     2
  Dodge: Dodged            ||    19

Table legend: (Time is in decaauts)
 A = Elapsed time spent in this place.
 B = Non-inter-level travel time spent in this place.
 C = Inter-level travel time spent in this place.
 D = Time resting spent in this place.
 E = Time spent auto-exploring this place.
 F = Levels seen in this place.
 G = Mean time per level.
                   A        B        C        D        E       F      G
               +--------+--------+--------+--------+--------+-----+--------+
         Total |    258 |    258 |      0 |      0 |    192 |   1 |  258.0 |
       Dungeon |    258 |    258 |      0 |      0 |    192 |   1 |  258.0 |
               +--------+--------+--------+--------+--------+-----+--------+

Top non-repeatable levels by time:
     D:1: 258 daAuts
